Unix NetHack Version 5.0.0-0 post-release - last build Jun 10 2026 00:39:30 (3ee93aec679c4c4259841fe613dc97188e26a321,branch:main).

Game began 2026-06-12 17:35:25, ended 2026-06-14 18:02:09.

Anarchos, lawful female dwarven Valkyrie

            -----------
            |....>..oo|
            |`..o.oo%@o###o
            ---------|-   ##
                     #     #
                     #     #  ------------
                     #     #  |..........+
            ##########     ###|..........|
           ##                #............
       ----|------            |........(.|
       |.........|            |..\.......|
       ..........|            ------------
      #......<...|
       -----------

Anarchos the Fighter        St:25 Dx:12 Co:19 In:9 Wi:11 Ch:10  Lawful
Dlvl:5  $:71 HP:0(67) Pw:11(11) AC:3  Xp:6 T:4259  Strained

Latest messages:
 An Uruk-hai suddenly appears close by!
 An Uruk-hai suddenly appears close by!
 An Uruk-hai suddenly appears close by!
 The Uruk-hai wields an orcish short sword!
 The Uruk-hai misses!
 The Uruk-hai wields an orcish short sword!
 The Uruk-hai wields an orcish short sword!
 You are no longer invisible.
 The Uruk-hai wields an orcish bow!
 The Uruk-hai thrusts his orcish short sword.
 The Uruk-hai hits!
 The Uruk-hai misses!
 The Uruk-hai shoots 2 poisoned orcish arrows!
 The 1st poisoned orcish arrow misses the Uruk-hai.
 The 1st poisoned orcish arrow hits the Uruk-hai!
 The poison doesn't seem to affect the Uruk-hai.
 The 2nd poisoned orcish arrow hits the Uruk-hai.
 The poison doesn't seem to affect the Uruk-hai.
 The Uruk-hai picks up a poisoned orcish arrow.
 The Uruk-hai thrusts his orcish short sword.
 The Uruk-hai just misses!
 The Uruk-hai hits!
 The Uruk-hai thrusts her orcish short sword.
 The Uruk-hai misses!
 The Uruk-hai thrusts her orcish short sword.
 The Uruk-hai misses!
 You kill the Uruk-hai!
 The Uruk-hai picks up an orcish cloak.
 The Uruk-hai hits!
 The Uruk-hai hits!
 The Uruk-hai shoots a poisoned orcish arrow!
 The poisoned orcish arrow hits the Uruk-hai.
 The poison doesn't seem to affect the Uruk-hai.
 The Uruk-hai misses!
 The Uruk-hai thrusts her orcish short sword.
 The Uruk-hai hits!
 The Uruk-hai hits!
 The Uruk-hai misses!
 The Uruk-hai hits!
 The Uruk-hai thrusts her orcish short sword.
 The Uruk-hai misses!
 You kill the Uruk-hai!
 The Uruk-hai misses!
 The Uruk-hai hits!
 The Uruk-hai hits!
 The Uruk-hai hits!
 The Uruk-hai thrusts her orcish short sword.
 The Uruk-hai hits!
 You die...
 Do you want your possessions identified? [ynq] (y) q

Inventory:
 Coins    ('$')
  $ - 71 gold pieces
 Weapons  (')')
  h - 9 +0 darts
  b - 5 +0 daggers
  a - a blessed +1 dwarvish spear (weapon in right hand)
  Q - a rustproof +0 orcish dagger
  Y - 2 +0 orcish daggers
 Armor    ('[')
  R - an uncursed +0 orcish helm
  P - an uncursed rusty +0 orcish helm (being worn)
  B - an uncursed +0 pair of gauntlets of power (being worn)
  c - an uncursed burnt +3 small shield (being worn)
  m - an uncursed +0 mummy wrapping
  W - an uncursed +0 ring mail (being worn)
 Comestibles  ('%')
  j - 2 uncursed slime molds
  H - an uncursed bugbear corpse
  n - 2 uncursed lichen corpses
 Scrolls  ('?')
  z - 2 uncursed scrolls of amnesia
  V - an uncursed scroll of fire
  g - an uncursed scroll of genocide
  y - an uncursed scroll of remove curse
  u - an uncursed scroll of taming
  k - 2 uncursed scrolls of teleportation
 Spellbooks  ('+')
  f - an uncursed spellbook of detect unseen
 Potions  ('!')
  o - an uncursed potion of levitation
  p - an uncursed potion of speed
  i - a potion of holy water
  M - an uncursed potion of water
 Wands    ('/')
  J - a wand of digging (0:8)
  K - a wand of magic missile (0:8)
  s - a wand of sleep (0:6)
  q - a wand of speed monster (0:5)
 Tools    ('(')
  G - an uncursed blindfold
  r - an expensive camera (0:90)
  t - an uncursed magic whistle
  L - an uncursed mirror
  e - an uncursed oil lamp
  l - an uncursed skeleton key
  I - an uncursed stethoscope
  O - an uncursed towel
 Gems/Stones  ('*')
  X - an uncursed black opal
  E - an uncursed jet stone
  U - an uncursed worthless piece of black glass
  T - 2 uncursed worthless pieces of blue glass
  S - an uncursed worthless piece of orange glass
  A - 2 uncursed worthless pieces of red glass
  C - 4 uncursed worthless pieces of white glass
  Z - an uncursed worthless piece of yellow glass
  D - an uncursed worthless piece of yellowish brown glass
  w - an uncursed touchstone

Anarchos the Valkyrie's attributes:

Background:
 You were a Fighter, a level 6 dwarven Valkyrie.
 You were lawful, on a mission for Tyr
 who was opposed by Odin (neutral) and Loki (chaotic).
 You were right-handed.
 You were in the Dungeons of Doom, on level 5.
 You entered the dungeon 4259 turns ago.
 There was a new moon in effect when your adventure ended.
 You had 497 experience points, 143 more were needed to attain level 7.

Basics:
 You had 0 out of 67 hit points.
 You had all 11 energy points (spell power).
 Your armor class was 3.
 Your wallet contained 71 zorkmids.
 Autopickup was on for all types.

Final Characteristics:
 Your strength was 25 (base:16, innate limit:18/100).
 Your dexterity was 12 (limit:20).
 Your constitution was 19 (limit:20).
 Your intelligence was 9 (limit:16).
 Your wisdom was 11 (limit:16).
 Your charisma was 10 (limit:16).

Final Status:
 You weren't hungry.
 You were strained; movement was very slowed.
 You were wielding a spear.
 You had basic skill with spear and could have enhanced that.

Final Attributes:
 You were piously aligned.
 You were cold resistant.
 You were telepathic.
 You had infravision.
 You were stealthy.
 You were warded.
 You are dead.

Miscellaneous:
 You didn't encounter any bones levels.
 Total elapsed playing time was 5 hours, 46 minutes and 8 seconds.

Major events:
 Turn
    1: Anarchos the lawful dwarven Valkyrie entered the dungeon
  754: entered the Gnomish Mines
 1027: attained the rank of Skirmisher (level 3)
 2385: reached Mine Town
 3803: attained the rank of Fighter (level 6)
 4259: killed by an Uruk-hai

You didn't know any spells.

Skills:
 Fighting Skills
   bare handed combat [Unskilled]
   two weapon combat  [Unskilled]
   riding             [Unskilled]
 Weapon Skills
   dagger             [Basic]
   axe                [Unskilled]
   pick-axe           [Unskilled]
   short sword        [Unskilled]
   broadsword         [Unskilled]
   long sword         [Unskilled]
   two-handed sword   [Unskilled]
   saber              [Unskilled]
   hammer             [Unskilled]
   quarterstaff       [Unskilled]
   polearms           [Unskilled]
   spear              [Basic]
   trident            [Unskilled]
   lance              [Unskilled]
   sling              [Unskilled]
 Spellcasting Skills
   attack spells      [Unskilled]
   escape spells      [Unskilled]

Voluntary challenges:
 Character rerolling was not enabled.
 You never genocided any monsters.
 You never polymorphed an object.
 You never changed form.
 You used no wishes.
Achievements:
 You entered a shop.
 You entered the Gnomish Mines.
 You attained the rank of Skirmisher.
 You entered Minetown.
 You attained the rank of Fighter.

 The Dungeons of Doom: levels 1 to 6
    Level 1:
       Many fountains.
    Level 2:
       A general store, a grave.
       Stairs down to The Gnomish Mines.
    Level 3:
       A tool shop, a fountain.
    Level 4:
       Some fountains.
    Level 5: <- You were here.
       An altar to Tyr, a throne.
       Final resting place for
          you, killed by an Uruk-hai.
    Level 6:
 The Gnomish Mines: levels 3 to 6
    Level 3:
    Level 4:
    Level 5:
    Level 6:
       An altar, a fountain.


Vanquished creatures:
  a scorpion
  a dingo
  a gnome mummy
  2 bugbears
  2 Uruk-hai
  2 rock piercers
  2 rock moles
  2 fog clouds
  a shrieker
  a gnome leader
  a gray ooze
 an elf zombie
  2 giant ants
  a little dog
  2 floating eyes
  2 homunculi
  7 hill orcs
  a rothe
  a centipede
  5 orc zombies
  3 dwarf zombies
  a wererat
  3 iguanas
  a large kobold
  a hobgoblin
  4 giant rats
  2 cave spiders
 10 gnomes
  a gnome zombie
  3 geckos
  5 jackals
  3 foxes
  3 kobolds
  2 goblins
  a sewer rat
  7 grid bugs
  2 bats
  5 lichens
  6 kobold zombies
  6 newts
107 creatures vanquished.

No species were genocided or became extinct.

Game over:
                       ----------
                      /          \
                     /    REST    \
                    /      IN      \
                   /     PEACE      \
                  /                  \
                  |     Anarchos     |
                  |      71 Au       |
                  |   killed by an   |
                  |     Uruk-hai     |
                  |                  |
                  |                  |
                  |       2026       |
                 *|     *  *  *      | *
        _________)/\\_//(\/(/\)/\//\/|_)_______

Farvel Anarchos the Valkyrie...

You died in The Dungeons of Doom on dungeon level 5 with 2332 points,
and 71 pieces of gold, after 4259 moves.
You were level 6 with a maximum of 67 hit points when you died.

